 Dungeon Crawl Stone Soup version 0.23.2-1-ga50397a6bc (webtiles) character file.

Game seed: 1216665939546164965

185046 Jaijje the Hand of Fortune (level 18, -5/98 HPs)
             Began as a Formicid Fighter on May 21, 2019.
             Was the Champion of Nemelex Xobeh.
             Killed from afar by a wretched star (16 damage)
             ... with an orb of energy
             ... on level 3 of the Abyss on May 23, 2019.
             The game lasted 02:48:12 (35994 turns).

Jaijje the Hand of Fortune (Formicid Fighter)      Turns: 35994, Time: 02:48:13

Health: -5/98      AC: 28    Str: 29    XL:     18   Next: 66%
Magic:  0/39       EV: 13    Int:  7    God:    Nemelex Xobeh [******]
Gold:   1865       SH:  0    Dex: 15    Spells: 17/17 levels left

rFire    + . .     SeeInvis +   V - +2 great mace (drain)
rCold    . . .     Gourm    .   i - +1 shield {rF+}
rNeg     + . .     Faith    .   E - +3 plate armour {rPois}
rPois    +         Spirit   +   (helmet unavailable)
rElec    .         Reflect  .   F - +2 cloak
rCorr    +         Harm     .   B - +1 pair of gloves of the Past {-Tele rCorr Str+3 Dex+5 Stlth+}
MR       +....                  Z - +2 pair of boots {run}
Stlth    ..........             T - amulet of guardian spirit
HPRegen  0.26/turn              n - +5 ring of evasion
MPRegen  0.26/turn              b - ring of Xouf Fauda {+Fly rN+ MP+9 Slay+2}

@: confused, quick
A: permanent stasis, dig shafts and tunnels, four strong arms, antennae 3,
[dopey 2], [frail 3], [no potion heal 3]
}: 1/15 runes: abyssal
a: Dig, Shaft Self, Draw Escape, Draw Destruction, Draw Summoning, Triple Draw,
Deal Four, Stack Five, Renounce Religion, Evoke Flight


You were on level 3 of the Abyss.
You worshipped Nemelex Xobeh.
Nemelex Xobeh was exalted by your worship.
You were not hungry.

You visited 6 branches of the dungeon, and saw 28 of its levels.
You visited the Abyss 1 time.
You also visited: Sewer.

You collected 2338 gold pieces.
You spent 473 gold pieces at shops.

Inventory:

Hand Weapons
 u - a +2 war axe of freezing
 A - the +8 hand axe "Ehycumil" {chop, +Fly MR++ Stlth+}
   (You found it on level 6 of the Dungeon)

   It inflicts extra damage upon your enemies.
   It affects your resistance to hostile enchantments.
   It lets you fly.
   It makes you more stealthy.
 H - a +3 great mace of holy wrath
 M - the +12 Vampire's Tooth {vamp}
   (You found it on level 10 of the Dungeon)

   It inflicts no extra harm, but heals its wielder when it wounds a living foe.
 V - a +2 great mace of draining (weapon)
Missiles
 e - 6 tomahawks of returning (quivered)
Armour
 i - a +1 shield of fire resistance (worn)
 q - the +2 chain mail of Idealism {rElec MP+9 Str+5 Dex-4}
   (You found it on level 14 of the Dungeon)

   It affects your strength (+5).
   It affects your dexterity (-4).
   It insulates you from electricity.
   It affects your magic capacity (+9).
 B - the +1 pair of gloves of the Past (worn) {-Tele rCorr Str+3 Dex+5 Stlth+}
   (You found it on level 13 of the Dungeon)

   It affects your strength (+3).
   It affects your dexterity (+5).
   It prevents most forms of teleportation.
   It provides partial protection from all sources of acid and corrosion.
   It makes you more stealthy.
 C - a +1 plate armour of cold resistance
 E - a +3 plate armour of poison resistance (worn)
 F - a +2 cloak (worn)
 G - the +3 leather armour of the Evening {Regen+ Dex+2 Stlth+}
   (You found it on level 12 of the Dungeon)

   It affects your dexterity (+2).
   It increases your rate of regeneration.
   It makes you more stealthy.
 L - a +0 large shield
 R - the +6 scale mail of the Hare {*Slow rF+ Str+8}
   (You found it on level 4 of the Lair of Beasts)

   It affects your strength (+8).
   It protects you from fire.
   It may slow you when you take damage.
 Z - a +2 pair of boots of running (worn)
Jewellery
 b - the ring of Xouf Fauda (right hand) {+Fly rN+ MP+9 Slay+2}
   (You found it on level 6 of the Dungeon)

   [ring of flight]

   It affects your accuracy and damage with ranged weapons and melee attacks
   (+2).
   It protects you from negative energy.
   It affects your magic capacity (+9).
   It lets you fly.
 c - an uncursed amulet of the gourmand
 h - an uncursed ring of protection from fire
 n - a +5 ring of evasion (left hand)
 T - an amulet of guardian spirit (around neck)
Wands
 j - a wand of random effects (53)
 m - a wand of disintegration (9)
 r - a wand of acid (19)
 s - a wand of flame (50)
 J - a wand of paralysis (10)
 K - a wand of clouds (10)
 P - a wand of digging (7)
 Q - a wand of scattershot (3)
 W - a wand of enslavement (28)
Scrolls
 a - 2 scrolls of enchant armour
 k - 3 scrolls of enchant weapon
 v - 16 scrolls of remove curse
 w - 6 scrolls of fear
 D - 14 scrolls of identify
 I - 6 scrolls of magic mapping
 O - a scroll of silence
 U - a scroll of brand weapon
 Y - 2 scrolls of amnesia
Potions
 d - 6 potions of heal wounds
 g - 4 potions of brilliance
 l - a potion of cancellation
 o - 5 potions of invisibility
 p - 3 potions of magic
 t - 2 potions of agility
 x - a potion of resistance
 y - a potion of lignification
 z - 9 potions of curing
 N - 4 potions of flight
 S - a potion of might
Comestibles
 f - 56 rations


   Skills:
 - Level 12.2 Fighting
 - Level 16.8(18.0) Axes
 * Level 11.8(15.6) Maces & Flails
 - Level 12.3 Armour
 - Level 9.5 Shields
 * Level 17.6 Invocations
 - Level 9.5 Evocations


You had 17 spell levels left.
You didn't know any spells.
Your spell library contained the following spells:

 Spells                   Type           Power        Failure   Level  Hunger
 Confusing Touch          Hex            #.....       97%         1    ##.....
 Infusion                 Chrm           #...         97%         1    ##.....
 Magic Dart               Conj           #...         97%         1    ##.....
 Sandblast                Erth           #.....       97%         1    ##.....
 Shock                    Conj/Air       #...         97%         1    ##.....
 Sting                    Conj/Pois      #...         97%         1    ##.....
 Summon Butterflies       Summ           #.......     97%         1    ##.....
 Call Imp                 Summ           #.......     99%         2    ###....
 Passwall                 Tmut/Erth      #.......     99%         2    ###....
 Shroud of Golubria       Chrm/Tloc      #.........   99%         2    ###....
 Slow                     Hex            #.......     99%         2    ###....
 Song of Slaying          Chrm           #.......     99%         2    ###....
 Swiftness                Chrm/Air       #.......     99%         2    ###....
 Call Canine Familiar     Summ           #.......     100%        3    ####...
 Confuse                  Hex            #.......     100%        3    ####...
 Conjure Flame            Conj/Fire      #.......     100%        3    ####...
 Gell's Gravitas          Tloc           #.........   100%        3    ####...
 Mephitic Cloud           Conj/Pois/Air  #.......     100%        3    ####...
 Regeneration             Chrm/Necr      #.........   100%        3    ####...
 Spectral Weapon          Hex/Chrm       #.......     100%        3    ####...
 Static Discharge         Conj/Air       #.......     100%        3    ####...
 Stone Arrow              Conj/Erth      #.....       100%        3    ####...
 Airstrike                Air            #.........   100%        4    #####..
 Petrify                  Tmut/Erth      #.......     100%        4    #####..
 Summon Ice Beast         Ice/Summ       #.......     100%        4    #####..
 Iskenderun's Battlesphe  Conj/Chrm      #.......     100%        5    ######.
 Lee's Rapid Deconstruct  Erth           #.........   100%        5    ######.
 Lightning Bolt           Conj/Air       #.........   100%        5    ######.
 Metabolic Englaciation   Hex/Ice        #.........   100%        5    ######.
 Summon Mana Viper        Hex/Summ       #.......     100%        5    ######.
 Yara's Violent Unravell  Hex/Tmut       #.........   100%        5    ######.
 Summon Hydra             Summ           #.........   100%        7    #######
 Blink                    Tloc           Unusable     N/A         2    N/A

Dungeon Overview and Level Annotations

Branches:
Dungeon (15/15)            Temple (1/1) D:4            Lair (6/6) D:10
  Swamp (0/4) Lair:3       Spider (0/4) Lair:4        Slime (0/5) Lair:6
    Orc (2/2) D:10            Elf (3/3) Orc:2        Vaults (0/5) D:13
 Depths (1/5) D:15

Altars:
Ashenzari
Cheibriados
Dithmenos
Elyvilon
Fedhas
Gozag
Hepliaklqana
Kikubaaqudgha
Makhleb
Nemelex Xobeh
Okawaru
Qazlal
Ru
Sif Muna
Trog
Uskayaw
Vehumet
Wu Jian
Xom
Yredelemnul
Zin
The Shining One
Beogh
Jiyva

Shops:
D:7 %   Orc:1 *   Orc:2 ?===   Elf:2 *   Elf:3 [(?%

Portals:
Hell: Lair:6

Annotations:
D:5 2 runed translucent doors, Lysie's ghost, novice MfIE
D:7 2 transporters
D:9 2 transporters, gnacko's ghost, novice TrBe
Lair:4 exclusion: 2 oklob plants


Innate Abilities, Weirdness & Mutations

You cannot be hasted, slowed, berserked, paralysed or teleported.
You can dig through walls and to a lower floor.
Your four strong arms can wield two-handed weapons with a shield.
You have a pair of large antennae on your head. (SInv)
[You are very dopey. (Int -4)]
[You are extremely frail. (-30% HP)]
[Potions cannot restore your health.]


Message History

A chorus of shrieks assaults your mind.
* * * LOW HITPOINT WARNING * * *
You have no ailments to cure.
Okay, then.
A chorus of shrieks assaults your mind.
* * * LOW HITPOINT WARNING * * *
Your rakshasa hits the wretched star from afar with a +0 trident!
Something completely misses your rakshasa.
A starcursed mass splits.
You are confused.
Your system rejects the healing.
You feel invigorated. A chorus of shrieks assaults your mind.
* * * LOW HITPOINT WARNING * * *
Your rakshasa closely misses the wretched star.
The wretched star glows turbulently.
The orb of energy misses you.
The wretched star glows turbulently.
The orb of energy hits you!!
You die...
Your body glows with a rainbow of weird colours and disappears.

###########
#...XX....#
#..*.XX...#{
#@.##R##.. #
{#...#.RX#.{ #
#...R.{{.X..#
#..#..Xx.#..##
#...#..X..#...#
#..........X.##
##....#.#....#
###...#...###{
..*..##


You could see 6 starcursed masses, a wretched star, a small abomination and a
friendly rakshasa.

Vanquished Creatures
  A lich (Abyss:3)
  3 tentacled starspawn (Abyss:3)
  A deep elf sorcerer (Elf:3)
  A deep elf elementalist (Elf:3)
  An orc warlord (Orc:2)
  Azrael (Elf:1)
  A dire elephant (Lair:6)
  A spark wasp (Abyss:3)
  An ettin (D:15)
  Snorg (D:14)
  A deep elf death mage (Elf:1)
  A fire dragon (Lair:6)
  Josephine (D:13)
  Harold (D:11)
  4 vault guards (D:13)
  4 hydras
  A catoblepas (Lair:2)
  3 centaur warriors
  22 dancing weapons
  6 two-headed ogres
  A death knight (D:15)
  13 death yaks
  3 orc high priests (Orc:2)
  2 wretched stars (Abyss:3)
  Urug (Lair:1)
  10 deep elf knights
  5 skeletal warriors (D:15)
  A sixfirhy (Lair:6)
  2 unseen horrors
  3 wizards
  A phantasmal warrior (D:15)
  6 orc knights
  4 deep elf archers
  A wolf spider (D:15)
  A mana viper (Elf:1)
  11 ugly things
  39 deep elf magi
  3 cyclopes
  6 orc sorcerers
  5 elephants
  3 manticores
  4 centaur zombies
  5 black mambas
  Joseph (D:7)
  A gargoyle (D:13)
  A black mamba (shapeshifter) (Abyss:2)
  3 orange demons (Lair:6)
  13 spiny frogs
  A kobold demonologist (D:15)
  5 rime drakes
  2 torpor snails
  A freezing wraith (D:15)
  2 starcursed masses (Abyss:3)
  6 komodo dragons
  A hellwing (Lair:6)
  2 queen bees
  2 tengu conjurers (D:15)
  A merfolk (D:9)
  A red devil (Lair:6)
  6 trolls
  5 jumping spiders (Lair:4)
  6 meliai
  6 tyrant leeches
  23 blink frogs
  8 hippogriffs
  2 polar bears (D:13)
  6 dream sheep (Lair:6)
  A meliai zombie (D:14)
  A hippogriff (shapeshifter) (D:13)
  8 slime creatures (D:12)
  4 air elementals
  3 redbacks (Lair:4)
  A spriggan (shapeshifter) (D:15)
  A water elemental (Elf:2)
  2 shadows
  60 yaks
  A basilisk (shapeshifter) (Elf:3)
  7 wraiths
  4 wyverns
  7 humans (D:13)
  5 vampires
  4 fire elementals
  3 basilisks
  2 steam dragons
  4 vampire mosquitoes
  Menkaure (D:7)
  A hungry ghost (D:13)
  2 swamp worms (Lair:3)
  4 wargs
  3 hell hounds
  An insubstantial wisp (Abyss:3)
  A soldier ant (D:13)
  15 water moccasins
  Duvessa (D:7)
  A swamp drake (Orc:1)
  9 porcupines
  8 sky beasts
  2 large abominations (Abyss:3)
  5 ice beasts
  A necrophage (D:14)
  46 orc warriors
  3 phantoms
  15 ogres
  5 black bears
  2 eyes of draining
  5 wolves
  A tengu (shapeshifter) (Elf:2)
  13 centaurs
  11 crocodiles
  A big kobold (D:9)
  Blork the orc (D:5)
  21 bullfrogs
  2 earth elementals
  Dowan (D:7)
  A wyvern skeleton (D:14)
  8 scorpions
  46 killer bees
  12 wights
  2 electric eels
  A howler monkey (D:5)
  5 crimson imps
  2 quasits
  4 bullfrog zombies
  A bullfrog skeleton (D:5)
  6 hounds
  28 orc priests
  2 jellies
  7 centaur skeletons
  A gnoll shaman (D:9)
  An iron imp (Orc:1)
  27 orc wizards
  2 hell rats (Lair:2)
  9 worker ants
  5 iguanas
  2 worker ant zombies
  A howler monkey skeleton (D:11)
  15 adders
  15 gnolls
  11 river rats
  5 shadow imps
  A white imp (Orc:1)
  18 oozes
  An adder skeleton (D:5)
  5 worms
  3 dart slugs
  11 leopard geckos
  134 orcs
  9 bats
  16 giant cockroaches
  14 goblins
  6 hobgoblins
  6 jackals
  4 quokkas
  7 ball pythons
  13 frilled lizards
  A jackal skeleton (D:5)
  9 kobolds
  7 rats
  10 fungi
  A plant (Lair:5)
  3 starspawn tentacles (Abyss:3)
1089 creatures vanquished.

Vanquished Creatures (collateral kills)
  A deep elf annihilator (Elf:1)
  A dancing weapon (Elf:1)
  A deep elf mage (Elf:1)
  A guardian serpent (Elf:1)
  A smoke demon (Abyss:3)
  An eye of devastation (Elf:1)
  An orange demon (Lair:6)
  A red devil (Lair:6)
  A redback (Elf:1)
  2 insubstantial wisps (Abyss:3)
  5 starcursed masses (Abyss:3)
  An orc priest (Orc:2)
  An orc (Orc:2)
18 creatures vanquished.

Vanquished Creatures (others)
  A hydra (Lair:4)
  A dancing weapon (Elf:3)
  2 tengu warriors (D:15)
  An orc high priest (Orc:2)
  2 deep elf magi (Elf:1)
  2 orc sorcerers
  A water elemental (Elf:1)
  A human (D:13)
  2 hell hounds (Lair:6)
  A wolf (Lair:6)
  An orc priest (Orc:2)
  An orc wizard (Orc:2)
  A ball lightning (D:15)
  2 orcs (Orc:2)
  7 fungi
  8 plants
  5 starspawn tentacles (Abyss:3)
39 creatures vanquished.

Grand Total: 1146 creatures vanquished

Notes
Turn   | Place    | Note
-------+----------+-------------------------------------------
     0 | D:1      | Jaijje the Formicid Fighter began the quest for the Orb.
     0 | D:1      | Reached XP level 1. HP: 18/18 MP: 1/1
   136 | D:1      | Reached XP level 2. HP: 24/24 MP: 2/2
   267 | D:1      | Reached XP level 3. HP: 25/29 MP: 3/3
   793 | D:2      | Reached XP level 4. HP: 36/36 MP: 4/4
  1260 | D:3      | Found a deep blue altar of Sif Muna.
  1299 | D:3      | Reached XP level 5. HP: 42/42 MP: 5/5
  1633 | D:4      | Reached skill level 5 in Shields
  1634 | D:4      | Found a glowing drain.
  1676 | D:4      | Reached XP level 6. HP: 35/48 MP: 6/6
  1689 | Sewer    | Entered a sewer
  2211 | Sewer    | Reached XP level 7. HP: 32/55 MP: 7/7
  2832 | D:4      | Found a staircase to the Ecumenical Temple.
  3172 | D:4      | Reached skill level 5 in Axes
  3216 | D:4      | Reached skill level 5 in Fighting
  3216 | D:4      | Reached skill level 5 in Armour
  3216 | D:4      | Reached XP level 8. HP: 46/62 MP: 8/8
  3327 | D:5      | Entered Level 5 of the Dungeon
  3333 | D:5      | Noticed Blork the orc
  3342 | D:5      | Killed Blork the orc
  3986 | D:5      | Found a large runed translucent door.
  3986 | D:5      | Found a large runed translucent door.
  3986 | D:5      | Noticed Lysie's ghost (novice MfIE)
  4817 | D:6      | Noticed a deep elf mage
  4821 | D:6      | Killed a deep elf mage
  4821 | D:6      | Reached XP level 9. HP: 69/69 MP: 9/9
  4873 | D:6      | Identified a +0 pair of boots of running (You found it on
                  | level 6 of the Dungeon)
  5455 | D:6      | Got a shimmering hand axe
  5464 | D:6      | Identified the +8 hand axe "Ehycumil" {chop, +Fly MR++
                  | Stlth+} (You found it on level 6 of the Dungeon)
  5579 | D:6      | Got a shimmering golden ring
  5581 | D:6      | Identified the ring of Xouf Fauda {+Fly rN+ MP+9 Slay+2}
                  | (You found it on level 6 of the Dungeon)
  5996 | D:7      | Found Wiet's Food Boutique.
  6033 | D:7      | Noticed Menkaure
  6047 | D:7      | Killed Menkaure
  6379 | D:7      | Noticed Dowan
  6380 | D:7      | Found a transporter.
  6386 | D:7      | Noticed Duvessa
  6392 | D:7      | Killed Duvessa
  6392 | D:7      | Reached XP level 10. HP: 75/79 MP: 10/10
  6395 | D:7      | Killed Dowan
  6395 | D:7      | Noticed Joseph
  6405 | D:7      | Killed Joseph
  6426 | D:7      | Found a transporter.
  6594 | D:7      | Found a white marble altar of Elyvilon.
  6611 | D:7      | Found an ornate altar of the Wu Jian Council.
  6657 | D:7      | Found a hazy altar of Hepliaklqana.
  6840 | Temple   | Entered the Ecumenical Temple
  7329 | D:8      | Found a burning altar of Makhleb.
  7330 | D:8      | Found an opulent altar of Gozag.
  7332 | D:8      | Found a sparkling altar of Nemelex Xobeh.
  7346 | D:8      | Became a worshipper of Nemelex Xobeh the Trickster
  7472 | D:8      | Reached skill level 10 in Axes
  7504 | D:8      | Reached skill level 1 in Invocations
  7570 | D:8      | Reached skill level 2 in Invocations
  7958 | D:9      | Noticed gnacko's ghost (novice TrBe)
  7960 | D:9      | Reached skill level 3 in Invocations
  7960 | D:9      | Noticed a manticore
  7966 | D:9      | Found a transporter.
  7980 | D:9      | Noticed an unseen horror
  7990 | D:9      | Killed an unseen horror
  7990 | D:9      | Reached skill level 4 in Invocations
  8019 | D:9      | Reached skill level 5 in Invocations
  8027 | D:9      | Noticed a centaur warrior
  8041 | D:9      | Killed a centaur warrior
  8041 | D:9      | Reached skill level 6 in Invocations
  8041 | D:9      | Reached XP level 11. HP: 54/86 MP: 15/15
  8277 | D:9      | Received a gift from Nemelex Xobeh
  8487 | D:9      | Reached skill level 7 in Invocations
  8496 | D:9      | Reached * piety under Nemelex Xobeh
  8733 | D:9      | Reached skill level 8 in Invocations
  8811 | D:9      | Found a transporter.
  9110 | D:10     | Entered Level 10 of the Dungeon
  9133 | D:10     | Found a staircase to the Lair.
  9182 | Lair:1   | Entered Level 1 of the Lair of Beasts
  9614 | D:10     | Reached ** piety under Nemelex Xobeh
  9653 | D:10     | Found a staircase to the Orcish Mines.
  9717 | D:10     | Reached skill level 9 in Invocations
  9718 | D:10     | Noticed an unseen horror
  9733 | D:10     | Killed an unseen horror
 10179 | D:11     | Identified the -1 hand axe of Pethasar {chop, +Fly Int+8}
 10455 | D:11     | Noticed a wizard
 10463 | D:11     | Killed a wizard
 10463 | D:11     | Reached XP level 12. HP: 88/95 MP: 19/19
 10677 | D:11     | Reached skill level 10 in Invocations
 10720 | D:11     | Noticed Harold
 10731 | D:11     | Killed Harold
 10831 | D:11     | Noticed a six-headed hydra
 10933 | D:11     | Killed a ten-headed hydra
 11073 | D:11     | Noticed a two-headed ogre
 11081 | D:11     | Killed a two-headed ogre
 11897 | D:10     | Received a gift from Nemelex Xobeh
 11918 | D:10     | Reached skill level 10 in Fighting
 12282 | D:10     | Found the +12 Vampire's Tooth {vamp}
 12449 | Lair:1   | Noticed Urug
 12674 | Lair:1   | Killed Urug
 12936 | Lair:1   | Reached *** piety under Nemelex Xobeh
 13220 | Lair:1   | Reached XP level 13. HP: 104/104 MP: 20/20
 13282 | Lair:1   | Reached skill level 1 in Evocations
 14032 | Lair:2   | Noticed a seven-headed hydra
 14036 | Lair:2   | Noticed a catoblepas
 14036 | Lair:2   | a seven-headed hydra changed into a catoblepas
 14042 | Lair:2   | Killed a catoblepas
 14042 | Lair:2   | Reached skill level 10 in Armour
 14055 | Lair:2   | Reached **** piety under Nemelex Xobeh
 14485 | Lair:3   | Received a gift from Nemelex Xobeh
 14803 | Lair:3   | Noticed a six-headed hydra
 14803 | Lair:3   | Noticed a seven-headed hydra
 14814 | Lair:3   | Killed a six-headed hydra
 14952 | Lair:4   | Found a hole to the Spider Nest.
 15515 | Lair:4   | Received a gift from Nemelex Xobeh
 15557 | Lair:4   | You fall through a shaft for 2 floors!
 15557 | Lair:6   | Entered Level 6 of the Lair of Beasts
 15602 | Lair:6   | Reached skill level 5 in Evocations
 15616 | Lair:6   | Reached XP level 14. HP: 48/113 MP: 18/21
 15899 | Lair:6   | Found a burning altar of Makhleb.
 15904 | Lair:6   | Found a gateway to Hell.
 17021 | Lair:6   | Found a staircase to the Slime Pits.
 17022 | Lair:6   | Found a viscous altar of Jiyva.
 17193 | Lair:6   | Noticed a dire elephant
 18251 | Lair:4   | Reached ***** piety under Nemelex Xobeh
 18448 | Lair:4   | Reached XP level 15. HP: 100/121 MP: 23/23
 18697 | Lair:3   | Received a gift from Nemelex Xobeh
 18832 | Lair:4   | Got a spiked scale mail
 18833 | Lair:4   | Identified the +6 scale mail of the Hare {*Slow rF+ Str+8}
                  | (You found it on level 4 of the Lair of Beasts)
 19104 | Lair:3   | Found a staircase to the Swamp.
 19453 | Lair:5   | Reached skill level 15 in Axes
 19539 | Lair:5   | Reached skill level 11 in Invocations
 19595 | Lair:5   | You fall through a shaft!
 20252 | Lair:5   | Received a gift from Nemelex Xobeh
 21215 | Lair:5   | Identified a +2 pair of boots of running (You found it on
                  | level 5 of the Lair of Beasts)
 22006 | Orc:1    | Entered Level 1 of the Orcish Mines
 22006 | Orc:1    | Found Daczas's General Store.
 22387 | Orc:1    | Received a gift from Nemelex Xobeh
 23032 | Orc:2    | Entered Level 2 of the Orcish Mines
 23171 | Orc:2    | Received a gift from Nemelex Xobeh
 23337 | Orc:2    | Reached skill level 12 in Invocations
 23521 | Orc:2    | Noticed an orc warlord
 23549 | Orc:2    | Killed an orc warlord
 23549 | Orc:2    | Reached skill level 1 in Maces & Flails
 23824 | Orc:2    | Received a gift from Nemelex Xobeh
 24062 | Orc:2    | Found Ijiot's Jewellery Shoppe.
 24082 | Orc:2    | Found Antess's Magic Scroll Emporium.
 24103 | Orc:2    | Bought a scroll of identify for 28 gold pieces
 24103 | Orc:2    | Bought a scroll of identify for 28 gold pieces
 24103 | Orc:2    | Bought a scroll of identify for 28 gold pieces
 24103 | Orc:2    | Bought a scroll of identify for 28 gold pieces
 24163 | Orc:2    | Found a roughly hewn altar of Beogh.
 24169 | Orc:2    | Reached XP level 16. HP: 115/127 MP: 25/25
 24906 | Orc:2    | Found Kouripn's Jewellery Boutique.
 25116 | Orc:2    | Found Uschorua's Jewellery Shop.
 25184 | Orc:2    | Found a roughly hewn altar of Beogh.
 25384 | Orc:2    | Found a staircase to the Elven Halls.
 25614 | Orc:2    | Received a gift from Nemelex Xobeh
 25775 | Orc:2    | Reached ****** piety under Nemelex Xobeh
 26240 | D:12     | Reached skill level 13 in Invocations
 26316 | D:12     | Got a jewelled leather armour
 26318 | D:12     | Identified the +3 leather armour of the Evening {Regen+
                  | Dex+2 Stlth+} (You found it on level 12 of the Dungeon)
 26362 | D:12     | Received a gift from Nemelex Xobeh
 26892 | D:12     | Received a gift from Nemelex Xobeh
 27560 | D:13     | Received a gift from Nemelex Xobeh
 27582 | D:13     | Found a bloodstained altar of Trog.
 27582 | D:13     | Noticed Josephine
 27761 | D:14     | Reached skill level 5 in Maces & Flails
 28018 | D:14     | Got a dazzling chain mail
 28019 | D:14     | Identified the +2 chain mail of Idealism {rElec MP+9 Str+5
                  | Dex-4} (You found it on level 14 of the Dungeon)
 28090 | D:14     | Noticed Snorg
 28101 | D:14     | Killed Snorg
 28631 | D:13     | Reached skill level 14 in Invocations
 28692 | D:13     | Received a gift from Nemelex Xobeh
 28890 | D:13     | Received a gift from Nemelex Xobeh
 29045 | D:13     | Found a gate to the Vaults.
 29274 | D:13     | Killed Josephine
 29279 | D:13     | Reached XP level 17. HP: 112/133 MP: 27/27
 29384 | D:13     | Got a pair of spiked gloves
 29385 | D:13     | Identified the +1 pair of gloves of the Past {-Tele rCorr
                  | Str+3 Dex+5 Stlth+} (You found it on level 13 of the
                  | Dungeon)
 29441 | D:15     | Entered Level 15 of the Dungeon
 29590 | D:15     | Received a gift from Nemelex Xobeh
 29721 | D:15     | Found a staircase to the Depths.
 30101 | D:15     | Reached skill level 15 in Invocations
 30410 | Depths:1 | Entered Level 1 of the Depths
 30603 | Elf:1    | Entered Level 1 of the Elven Halls
 31470 | Elf:1    | Noticed Azrael
 31598 | Elf:1    | Killed Azrael
 32994 | Elf:1    | Received a gift from Nemelex Xobeh
 33001 | Elf:1    | Reached skill level 16 in Invocations
 33013 | Elf:1    | Identified the Guide on Arcane Weapons
 33041 | Elf:1    | Found a deep blue altar of Sif Muna.
 33702 | Elf:2    | Found a runed translucent gate.
 33702 | Elf:2    | Found a runed translucent gate.
 33702 | Elf:2    | Found a runed translucent gate.
 33801 | Elf:2    | Reached skill level 10 in Maces & Flails
 33849 | Elf:2    | Received a gift from Nemelex Xobeh
 33957 | Elf:2    | Found Guuguf's General Store.
 33973 | Elf:2    | Bought 2 potions of heal wounds for 160 gold pieces
 34390 | Elf:2    | Reached XP level 18. HP: 123/140 MP: 30/30
 35268 | Elf:2    | Received a gift from Nemelex Xobeh
 35292 | Elf:2    | Reached skill level 17 in Invocations
 35510 | Elf:3    | Entered Level 3 of the Elven Halls
 35516 | Elf:3    | Found Foamon's Magic Scroll Boutique.
 35517 | Elf:3    | Found Jeahubus's Food Boutique.
 35517 | Elf:3    | Found Niegres's Armour Shop.
 35537 | Elf:3    | Found Puuhuacs's Antique Weapon Shop.
 35540 | Elf:3    | Bought a scroll of identify for 26 gold pieces
 35540 | Elf:3    | Bought a scroll of identify for 26 gold pieces
 35540 | Elf:3    | Bought a scroll of identify for 26 gold pieces
 35540 | Elf:3    | Bought a scroll of silence for 97 gold pieces
 35540 | Elf:3    | Bought a scroll of identify for 26 gold pieces
 35672 | Elf:3    | Cast into level 2 of the Abyss (a deep elf sorcerer)
 35672 | Abyss:2  | Found a corrupted altar of Lugonu.
 35769 | Abyss:3  | Received a gift from Nemelex Xobeh
 35857 | Abyss:3  | Noticed a lich
 35864 | Abyss:3  | Killed a lich
 35991 | Abyss:3  | Got an abyssal rune of Zot
 35994 | Abyss:3  | Killed from afar by a wretched star

Skill      XL: |  1  2  3  4  5  6  7  8  9 10 11 12 13 14 15 16 17 18 |
---------------+-------------------------------------------------------+-----
Shields        | 4 5 6 8 9 |  9.5
Axes           | 3 4 5 7 9 10 12 13 14 15 16 | 16.8
Fighting       | 4 5 6 7 8 9 10 11 12 | 12.2
Armour         | 4 5 6 7 8 9 10 11 12 | 12.3
Invocations    | 6 9 10 12 14 16 17 | 17.6
Evocations     | 5 7 9 |  9.5
Maces & Flails | 1 6 10 11 | 11.8

Action                   |  1- 3 |  4- 6 |  7- 9 | 10-12 | 13-15 | 16-18 || total
-------------------------+-------+-------+-------+-------+-------+-------++-------
Melee: War axe           |   103 |   320 |   224 |       |       |       ||   647
       Hand axe          |       |       |    67 |   653 |  1033 |       ||  1753
       Great mace        |       |       |       |       |   417 |  1395 ||  1812
 Abil: Draw Summoning    |       |       |       |     1 |     4 |     6 ||    11
       Draw Destruction  |       |       |       |     3 |    16 |    35 ||    54
       Dig               |       |       |       |     1 |     3 |    11 ||    15
       Draw Escape       |       |       |       |       |       |     6 ||     6
Evoke: Wand              |       |       |       |     5 |    20 |     3 ||    28
  Use: Potion            |       |     3 |     1 |       |     2 |     5 ||    11
       Scroll            |       |       |    16 |     4 |     9 |     8 ||    37
 Stab: Paralysed         |       |       |       |       |    11 |       ||    11
       Distracted        |       |       |       |       |       |     1 ||     1
  Eat: Chunk             |       |     6 |    13 |    20 |    32 |    29 ||   100
       Ration            |       |       |       |       |     1 |     3 ||     4
Armor: Scale mail        |    49 |   150 |   101 |    29 |       |       ||   329
       Plate armour      |       |       |       |   117 |   542 |   679 ||  1338
Dodge: Dodged            |    39 |   120 |    83 |   169 |   571 |   532 ||  1514
Block: Shield            |    54 |   135 |   125 |   279 |   853 |   871 ||  2317
